 Dungeon Crawl Stone Soup version 0.29.1-15-g9cfb28693d (webtiles) character file.

Game seed: 6615465472092278850

732 devnull the Spear-Bearer (level 7, -1/50 HPs)
             Began as a Merfolk Gladiator on Mar 8, 2023.
             Was a Believer of Zin.
             Slain by an ice beast (3 damage)
             ... on level 6 of the Dungeon.
             The game lasted 00:13:03 (5994 turns).

devnull the Spear-Bearer (Merfolk Gladiator)        Turns: 5994, Time: 00:13:04

Health: -1/50      AC:  5    Str: 23      XL:     7   Next: 73%
Magic:  5/7        EV: 12    Int:  8      God:    Zin [**....]
Gold:   306        SH:  0    Dex:  8 (17) Spells: 6/6 levels left

rFire   + . .      SeeInvis .   a - +0 trident
rCold   + . .      Faith    .   (no shield)
rNeg    . . .      Spirit   .   b - +0 leather armour
rPois   ∞          Reflect  .   c - +0 helmet
rElec   +          Harm     .   f - +0 cloak
rCorr   +          Rampage  .   (no gloves)
Will    .....                   (no boots)
Stlth   +.........              (no amulet)
HPRegen 0.16/turn               i - +6 ring of strength
MPRegen 0.10/turn               (no ring)

@: mighty, vitalised, resistant, attractive, flying
A: (nimble swimmer 2), mertail
a: Renounce Religion, Recite, Vitalisation, Donate Gold


You were on level 6 of the Dungeon.
You worshipped Zin.
Zin was pleased with you.
You visited 1 branch of the dungeon, and saw 6 of its levels.
You also visited: Sewer.

You collected 340 gold pieces.
You donated 34 gold pieces to Zin.

Inventory:

Hand Weapons
 a - a +0 trident (weapon)
 n - a +2 whip of holy wrath
Missiles
 d - 2 throwing nets
 e - a javelin
 m - 5 boomerangs
 y - 4 poisoned darts (quivered)
Armour
 b - a +0 leather armour (worn)
 c - a +0 helmet (worn)
 f - a +0 cloak (worn)
 k - a +0 kite shield
 x - an orb of mayhem
Jewellery
 i - a +6 ring of strength (left hand)
 F - a ring of protection from cold
 G - a +6 ring of dexterity
Wands
 r - a wand of flame (38)
 v - a wand of iceblast (13)
Scrolls
 l - 2 scrolls of enchant armour
 o - a scroll of enchant weapon {unknown}
 p - a scroll of poison
 t - 2 scrolls of immolation
 z - a scroll of silence {unknown}
 A - a scroll of teleportation {unknown}
 B - a scroll of amnesia {unknown}
 C - a scroll of butterflies {unknown}
Potions
 g - a potion of mutation
 h - 4 potions of curing
 q - 4 potions of might
 u - a potion of haste {unknown}
 w - a potion of attraction
 D - a potion of magic {unknown}
 E - 3 potions of resistance
 H - a potion of degeneration {unknown}


   Skills:
 - Level 2.1 Fighting
 + Level 11.5 Polearms
 - Level 2.0 Throwing
 - Level 4.0 Dodging


You had 6 spell levels left.
You didn't know any spells.
Your spell library contained the following spells:

 Spells                   Type           Power      Damage    Failure   Level
 Magic Dart               Conj           0%         1d3       45%         1
 Searing Ray              Conj           0%         2d4       58%         2
 Conjure Flame            Conj/Fire      0%         6-21      83%         3
 Ignite Poison            Fire/Tmut/Pois 0%         N/A       83%         3
 Summon Guardian Golem    Hex/Summ       0%         N/A       83%         3
 Fulminant Prism          Conj/Hex       0%         3d6       99%         4
 Sticky Flame             Conj/Fire      0%         2d3       99%         4
 Orb of Destruction       Conj           0%         9d5       100%        7
 Spellforged Servitor     Conj/Summ      0%         N/A       100%        7


Dungeon Overview and Level Annotations

Branches:
Dungeon (6/15)              Sewer (visited)
 Temple: D:4-7

Altars:
Dithmenos
Qazlal
Zin

Shops:
D:5 :

Annotations:
D:5 leafyfresh's ghost, weakling OpDe


Innate Abilities, Weirdness & Mutations

((You are very nimble when in or above water. (Stealth+, EV+, Speed+++)))
Your lower body shifts to a powerful aquatic tail in water.


Message History

You closely miss the scorpion. You puncture the scorpion!
The scorpion is heavily wounded.
The scorpion closely misses you.
You closely miss the scorpion.
The scorpion is heavily wounded.
The ice beast barely misses you. The scorpion closely misses you.
You barely miss the scorpion.
The scorpion is heavily wounded.
The ice beast hits you. The ice beast freezes you.
* * * LOW HITPOINT WARNING * * *
The scorpion barely misses you.
You completely miss the scorpion.
The scorpion is heavily wounded.
The scorpion closely misses you. The ice beast barely misses you.
It was a potion of resistance.
You feel protected. The scorpion misses you. The ice beast closely misses you.
It was a potion of attraction.
You feel attractive to monsters. The scorpion stings you.
* * * LOW HITPOINT WARNING * * *
The ice beast closely misses you.
It was a potion of flight.
You feel very buoyant.
You fly up into the air.
The scorpion misses you. The ice beast hits you.
* * * LOW HITPOINT WARNING * * *
The ice beast freezes you. You resist.
* * * LOW HITPOINT WARNING * * *
Okay, then.
Okay, then.
Unknown command.
Zin grants you divine stamina. The scorpion stings you.
* * * LOW HITPOINT WARNING * * *
Your divine stamina protects you from poison!
The ice beast hits you. Zin protects you from harm! The ice beast freezes you.
You resist.
You die...

#### #...##.
.......
##...$...
#........#+#
#@.........#
#sY........##+
#.............#
##............#
#.............
#..........#
#.........#
#.<.......#
##.§......#


You could see an ice beast and a scorpion.

Vanquished Creatures
  A black bear (D:5)
  Pargi (Sewer)
  3 phantoms
  2 quasits (D:5)
  A hound (D:4)
  3 iguanas
  6 adders
  3 ufetubi
  A worm (D:4)
  2 dart slugs
  12 orcs
  4 bats
  2 endoplasms (D:1)
  4 giant cockroaches
  2 goblins
  3 hobgoblins
  5 jackals
  13 kobolds
  3 quokkas
  6 ball pythons
  8 frilled lizards
  4 rats
89 creatures vanquished.

Vanquished Creatures (others)
  A plant (D:3)
1 creature vanquished.

Grand Total: 90 creatures vanquished

Notes
Turn   | Place    | Note
-------+----------+-------------------------------------------
     0 | D:1      | devnull the Merfolk Gladiator began the quest for the Orb.
     0 | D:1      | Reached XP level 1. HP: 16/16 MP: 1/1
    78 | D:1      | Found a faded altar of an unknown god.
    84 | D:1      | Reached XP level 2. HP: 15/22 MP: 2/2
   179 | D:1      | You fall into a shaft and drop 1 floor!
   230 | D:1      | Reached skill level 5 in Polearms
   428 | D:1      | Reached XP level 3. HP: 27/27 MP: 3/3
  1152 | D:3      | Reached skill level 6 in Polearms
  1618 | D:4      | Reached XP level 4. HP: 32/33 MP: 4/4
  1867 | D:4      | Found a shadowy altar of Dithmenos.
  1870 | D:4      | Found a stormy altar of Qazlal.
  1874 | D:4      | Found a glowing silver altar of Zin.
  1937 | D:4      | Became a worshipper of Zin the Law-Giver
  1937 | D:4      | Reached * piety under Zin
  1975 | D:4      | Reached skill level 7 in Polearms
  2122 | D:3      | Reached XP level 5. HP: 15/38 MP: 5/5
  2512 | D:4      | Noticed a phantom
  2521 | D:4      | Killed a phantom
  2522 | D:4      | Reached skill level 8 in Polearms
  2522 | D:4      | Reached XP level 6. HP: 41/44 MP: 6/6
  2870 | D:4      | Reached skill level 9 in Polearms
  3232 | D:5      | Entered Level 5 of the Dungeon
  3375 | D:5      | Found a glowing drain.
  3417 | Sewer    | Entered a sewer
  3489 | Sewer    | Noticed Pargi
  3517 | Sewer    | Killed Pargi
  3518 | Sewer    | Reached skill level 10 in Polearms
  3518 | Sewer    | Reached XP level 7. HP: 44/50 MP: 7/7
  3598 | D:5      | Reached ** piety under Zin
  3665 | D:5      | Found Jublem's Book Shoppe.
  3762 | D:5      | Found a transporter.
  3766 | D:5      | Noticed leafyfresh's ghost (weakling OpDe)
  4100 | D:5      | Found a transporter.
  4580 | D:5      | Found a transporter.
  4591 | D:5      | Found Jublem's Book Shoppe.
  4634 | D:5      | Found a transporter.
  4667 | D:5      | Reached skill level 11 in Polearms
  5439 | D:5      | Found a transporter.
  5444 | D:5      | Found Jublem's Book Shoppe.
  5472 | D:5      | Found a transporter.
  5994 | D:6      | HP: 2/50 [scorpion (3)]
  5994 | D:6      | Zin protects you from harm!
  5994 | D:6      | Slain by an ice beast

Illustrated notes

Levels and vault maps discovered:
D:1:      eino_arrival_cavern_d, layout_basic, basic_ecumenical_altar,
          minmay_misc_feat_room, minmay_indecisive_spiral
D:2:      layout_rooms
D:3:      layout_rooms, chequers_serial_rivers_small_3, saegor_snake_ambush
D:4:      layout_basic, minitemple, kennysheep_generic_room_16
D:5:      layout_loops_ring, gup_sewer_entry_glass, serial_shops,
          nicolae_diamond_shop, gammafunk_ghost_stat_death
D:6:      nicolae_cairo_tiling_large, layout_cave_pods,
          grunt_temple_overflow_open, minmay_temple_entry_overgrown

Skill      XL: |  1  2  3  4  5  6  7 |
---------------+----------------------+-----
Polearms       | 5 6 7 8 10 11 | 11.5
Fighting       | |  2.1
Throwing       | |  2.0
Dodging        | |  4.0

Action                   |  1- 3 |  4- 6 |  7- 9 || total
-------------------------+-------+-------+-------++-------
Melee: Trident           |   103 |   190 |    43 ||   336
       Tailslap          |     1 |       |       ||     1
       Punch             |       |     2 |       ||     2
       Whip              |       |       |    40 ||    40
Throw: Throwing net      |       |     2 |     2 ||     4
       Dart              |       |     4 |       ||     4
       Javelin           |       |     1 |       ||     1
Invok: Recite            |       |       |     2 ||     2
       Vitalisation      |       |       |     2 ||     2
Evoke: Wand              |       |     5 |     1 ||     6
  Use: Scroll            |     3 |     1 |     2 ||     6
       Potion            |       |       |     5 ||     5
 Stab: Sleeping          |     2 |     2 |     1 ||     5
       Held in net/web   |       |     1 |       ||     1
       Distracted        |       |     1 |       ||     1
Armor: Leather armour    |    14 |    40 |   158 ||   212
Dodge: Dodged            |    38 |   117 |   211 ||   366
Block: Kite shield       |       |     6 |    29 ||    35
